Map: Nightshade LE

Players

LiquidClem (Clem)

  • Race: Terran Terran
  • League: Master
  • Spawn Location: 5:00

liquidthermy (uThermal) - Winner!

  • Race: Terran Terran
  • Spawn Location: 11:00

Event: Shopify TSL 5

VOD

Have the link to the VOD?

Description

Time

  • Played on: May 24, 2020, 2:19 p.m.
  • Length: 5:49

All games in this series

Show
View Real Time Build Order
Export as new Build Order

LiquidClem Terran 

Build Orders: Reaper Expand 

Get SALT Encoding   

  12  0:00  SCV  
  13  0:13  SCV  
  14  0:16  Supply Depot  
  14  0:25  SCV  
  15  0:38  SCV  
  15  0:39  Barracks  
  16  0:43  Refinery  
  16  0:50  SCV  
  17  1:02  SCV  
  18  1:14  SCV  
  19  1:26  Reaper  
  19  1:27  Orbital Command  
  20  1:40  Command Center  
  20  1:52  Supply Depot  
  20  1:53  SCV  
  21  1:58  Marine  
  22  2:05  SCV  
  22  2:08  Factory  
  23  2:13  Refinery  
  23  2:17  SCV  
  23  2:20  Barracks Reactor  
  24  2:29  SCV  
  25  2:41  SCV  
  26  2:52  Hellion, Orbital Command  
  26  2:53  SCV, Starport  
  26  2:57  Marine x2  
  31  3:06  SCV  
  32  3:13  Factory Tech Lab  
  32  3:14  Refinery, Marine  
  32  3:15  Marine  
  32  3:18  SCV x2  
  36  3:22  Supply Depot  
  36  3:30  SCV  
  36  3:32  Marine x2  
  40  3:34  SCV  
  40  3:37  Factory Tech Lab  
  40  3:38  Raven  
  42  3:42  SCV  
  42  3:44  Supply Depot  
  42  3:47  SCV  
  44  3:50  Marine x2  
  44  3:54  SCV  
  47  3:57  Cyclone  
  47  3:59  SCV  
  47  4:02  Supply Depot  
  51  4:08  SCV  
  52  4:10  Marine x2  
  52  4:15  SCV  
  55  4:20  Raven  
  55  4:21  Supply Depot  
  56  4:25  SCV  
  56  4:29  Marine x2  
  56  4:30  SCV  
  58  4:31  Siege Tank  
  58  4:37  SCV  
  53  4:42  SCV  
  48  4:47  Marine x2  
  48  4:49  SCV  
  47  4:57  SCV  
  39  5:03  Siege Tank  
  39  5:04  SCV  
  39  5:05  Marine x2  
  43  5:09  SCV  
  43  5:13  Viking  
  46  5:16  SCV  
  45  5:21  SCV  
  45  5:22  Marine x2  
  47  5:29  SCV  
  47  5:33  SCV  
Show
View Real Time Build Order
Export as new Build Order

liquidthermy Terran - Winner!

Build Orders: Gas First Reaper Expand, Liberator Opening 

Get SALT Encoding   

  12  0:01  SCV  
  13  0:13  SCV  
  14  0:17  Supply Depot  
  14  0:25  SCV  
  14  0:27  Refinery  
  15  0:39  SCV  
  16  0:44  Barracks  
  16  0:51  SCV  
  17  1:03  SCV  
  18  1:15  SCV  
  19  1:31  Reaper, Orbital Command  
  20  1:41  Command Center  
  20  1:52  Factory  
  20  1:57  SCV  
  21  2:04  Barracks Reactor  
  21  2:09  SCV  
  21  2:12  Supply Depot  
  22  2:21  SCV, Refinery  
  23  2:34  SCV  
  24  2:41  Starport  
  24  2:44  Hellion x2  
  28  2:46  SCV  
  29  2:53  Orbital Command  
  29  2:55  Barracks Tech Lab  
  30  3:05  Hellion x2  
  33  3:14  Marauder  
  35  3:20  Supply Depot  
  35  3:21  Medivac  
  35  3:26  Hellion  
  39  3:32  Concussive Shells  
  39  3:35  Marauder  
  39  3:36  Hellion  
  39  3:38  SCV  
  39  3:40  SCV  
  45  3:48  Hellion  
  47  3:50  SCV, Supply Depot  
  47  3:55  Liberator  
  51  4:01  Hellion  
  54  4:10  SCV, Refinery  
  54  4:12  Supply Depot  
  54  4:14  Hellion  
  56  4:18  SCV  
  56  4:22  SCV  
  58  4:29  Hellion  
  58  4:30  SCV  
  59  4:35  Hellion  
  54  4:51  SCV  
  54  4:52  Hellion, Command Center  
  55  4:57  Hellion  
  58  5:00  SCV  
  58  5:03  SCV  
  58  5:06  Supply Depot  
  59  5:12  SCV  
  60  5:15  SCV  
  63  5:24  SCV  
  63  5:26  Refinery  
  63  5:27  SCV  
  65  5:29  Factory Tech Lab  
  63  5:36  SCV  
Tags
 
Add a new tag
Caveats
  • Supply blocks, unpowered buildings, or Contaminate may cause inaccurate times.
  • Supply counts are checked every 10 seconds.